 Dungeon Crawl Stone Soup version 0.27-a0-1555-g0e7b3fb1d2 (webtiles) character file.

Game seed: 3447696509983702777

44 Hasart the Ducker (level 3, -2/26 HPs)
             Began as an Octopode Fighter on July 14, 2021.
             Slain by a worm (6 damage)
             ... on level 2 of the Dungeon.
             The game lasted 00:01:43 (1523 turns).

Hasart the Ducker (Octopode Fighter)                Turns: 1523, Time: 00:01:45

Health: -2/26      AC:  1    Str: 16    XL:     3   Next: 62%
Magic:  0/3        EV: 11    Int: 10    God:
Gold:   32         SH:  8    Dex: 11    Spells: 2/2 levels left

rFire    + . .     SeeInvis .   a - +0 war axe
rCold    . . .     Faith    .   b - +0 kite shield
rNeg     . . .     Spirit   +   (helmet restricted)
rPois    .         Reflect  .   d - amulet of guardian spirit
rElec    .         Harm     .   g - ring of protection from fire
rCorr    .         Rampage  .   (no ring)
Will     .....                  (no ring)
Stlth    +++.......             (no ring)
HPRegen  0.08/turn              (no ring)
MPRegen  0.08/turn              (no ring)
                                (no ring)
                                (no ring)

@: no status effects
A: almost no armour, amphibious, 8 rings, camouflage 1, gelatinous body 1,
(nimble swimmer 1), tentacles
a: no special abilities


You were on level 2 of the Dungeon.
You visited 1 branch of the dungeon, and saw 2 of its levels.

You collected 32 gold pieces.

Inventory:

Hand Weapons
 a - a +0 war axe (weapon)
Armour
 b - a +0 kite shield (worn)
Jewellery
 d - an amulet of guardian spirit (around mantle)
 g - a ring of protection from fire (left tentacle)
Scrolls
 e - a scroll of noise {unknown}
Potions
 c - a potion of might
 f - a potion of ambrosia {unknown}


   Skills:
 + Level 3.2 Fighting
 * Level 2.7 Axes
 + Level 3.3 Dodging
 + Level 1.5 Stealth
 + Level 3.2 Shields


You had 2 spell levels left.
You didn't know any spells.
Your spell library contained the following spells:

 Spells                   Type           Power      Damage    Failure   Level
 Static Discharge         Conj/Air       0%         N/A       95%         2
 Lightning Bolt           Conj/Air       0%         1d11      100%        5
 Maxwell's Capacitive Co  Air            0%         ∞         100%        8


Dungeon Overview and Level Annotations

Branches:
Dungeon (2/15)

Altars:


Innate Abilities, Weirdness & Mutations

You cannot wear most types of armour.
You are amphibious.
You can wear up to eight rings at the same time.
Your skin changes colour to match your surroundings (Stealth+).
Your rubbery body absorbs attacks. (AC +1, EV +1)
((You are camouflaged near water. (Stealth+)))
You have tentacles for arms and can constrict up to eight enemies at once.


Message History

You constrict the jackal.
You kill the jackal!
The jackal bites you.
You miss the jackal. Your grab misses the jackal. You squeeze the jackal.
You kill the jackal!
The jackal bites you.
You slash the jackal!
You kill the jackal!
No target in view!
No target in view!
Things that are here:
a jackal corpse; a jackal corpse
Found an escape hatch in the ceiling.
Found a fuming sapphire potion.
Found a stone staircase leading up.
Found a glowing coral ring.
f - a fuming sapphire potion A worm comes into view.
A worm is nearby!
g - a ring of protection from fire
Found a thick smoking staff.
Found a stone staircase leading down.
g - a ring of protection from fire (left tentacle)
Found 9 gold pieces.
A worm is nearby!
You see here 9 gold pieces.
You now have 32 gold pieces (gained 9).
The worm bites you.
Your shield prevents you from hitting the worm.
Your grab misses the worm. Your squeeze misses the worm. The worm bites you.
You slash the worm! Your grab misses the worm.
The worm is heavily wounded.
The worm bites you!
You barely miss the worm. Your grab misses the worm. You squeeze the worm.
The worm is heavily wounded.
The worm bites you!
* * * LOW HITPOINT WARNING * * *
You hit the worm. You grab the worm. You squeeze the worm.
The worm is severely wounded.
You constrict the worm. The worm bites you!
You die...

#......<.#
#.######## ## #.#
#. .# ######.# #.
.# .......# #.# .#
.####..######.## .#
##...##.....# .#
#.#.....#<##..##w#
................@.#
.####..###.##.....#
#..# #.###.##.#
....# #.##..# .#
####+# #.##.## .#
##... #.##.# .#
#.....#.##.###.#
............|..#
........##.#...#


You could see a worm.

Vanquished Creatures
  An adder (D:2)
  A dart slug (D:1)
  4 ball pythons (D:1)
  An endoplasm (D:1)
  A giant cockroach (D:1)
  A goblin (D:1)
  3 hobgoblins
  4 jackals
  2 quokkas
  A bat (D:1)
  4 frilled lizards (D:1)
  5 kobolds (D:1)
  4 rats
32 creatures vanquished.

Notes
Turn   | Place    | Note
-------+----------+-------------------------------------------
     0 | D:1      | Hasart the Octopode Fighter began the quest for the Orb.
     0 | D:1      | Reached XP level 1. HP: 16/16 MP: 1/1
   277 | D:1      | Reached XP level 2. HP: 21/21 MP: 2/2
   699 | D:1      | Reached skill level 1 in Stealth
   826 | D:1      | Reached XP level 3. HP: 24/26 MP: 3/3
  1081 | D:1      | Found a faded altar of an unknown god.
  1523 | D:2      | Slain by a worm

Illustrated notes

Levels and vault maps discovered:
D:1:      amcnicky_arrival_single_pillar, layout_basic,
          hellmonk_ecumenical_altar_heavens_door, minmay_bisected
D:2:      layout_loops_corners, serial_shops, shop

Skill      XL: |  1  2 |
---------------+-------+-----
Stealth        | 1 |  1.5
Fighting       | |  3.2
Axes           | |  2.7
Dodging        | |  3.3
Shields        | |  3.2

Action                   || total
-------------------------++-------
Melee: War axe           ||    59
       Constrict         ||    15
       Tentacles         ||    11
 Stab: Sleeping          ||     2
Armor: Skin              ||     5
Dodge: Dodged            ||    32
Block: Kite shield       ||    25

Table legend: (Time is in decaauts)
 A = Elapsed time spent in this place.
 B = Non-inter-level travel time spent in this place.
 C = Inter-level travel time spent in this place.
 D = Time resting spent in this place.
 E = Time spent auto-exploring this place.
 F = Levels seen in this place.
 G = Mean time per level.
                   A        B        C        D        E       F      G
               +--------+--------+--------+--------+--------+-----+--------+
         Total |   1559 |   1541 |     18 |      0 |   1333 |   2 |  779.5 |
       Dungeon |   1559 |   1541 |     18 |      0 |   1333 |   2 |  779.5 |
               +--------+--------+--------+--------+--------+-----+--------+

Top non-repeatable levels by time:
     D:1: 1267 daAuts
     D:2: 291 daAuts
